[ PARTIDA AOE2 · #458209012 ]
1v1 EWWei vs Saracens
Equipo del jugador · DERR
Equipo rival · VICT
[ ANÁLISIS DE REPETICIÓN · EXTRAÍDO DE LA PARTIDA GRABADA ]
Feudal
—
Castillos
7:43
Imperial
41:08
| APM promedio | 18.2 |
| APM pico | 53 |
| eAPM promedio | 12.3 |
| Aldeanos / militares | 76 / 209 |
Foco
⚔️ 43.3% · 🌾 56.7%
Spearman ×140 · Skirmisher ×69 · Unknown (1949) ×40 · Unknown (1944) ×1
Feudal
—
Castillos
6:28
Imperial
22:34
| APM promedio | 14.3 |
| APM pico | 35 |
| eAPM promedio | 9.5 |
| Aldeanos / militares | 49 / 148 |
Foco
⚔️ 37.3% · 🌾 62.7%
Camel Scout ×64 · Hand Cannoneer ×32 · Knight ×21 · Cavalry Archer ×13 · Trebuchet (Packed) ×9 · Battering Ram ×4
Mapa de la partida
Recursos al inicio + cada clic de construcción. Línea gruesa = muro · recuadro discontinuo = muro de casas detectado. 🟡 oro · ⚪ piedra · 🟢 bayas · 🔶 jabalí · ⭕ reliquia
Inputs por minuto
— jones - - mm_fm_97
Build order — jones
Primeras 150 de 325 acciones detectadas
| 0:20 | Construir | Watch Tower |
| 0:26 | Crear | Villager (Male) |
| 0:26 | Crear | Villager (Male) |
| 0:26 | Crear | Villager (Male) |
| 0:26 | Crear | Villager (Male) |
| 1:04 | Construir | Farm |
| 1:29 | Construir | Outpost |
| 1:36 | Construir | Farm |
| 1:40 | Investigar | Double-Bit Axe |
| 2:06 | Construir | Stable |
| 2:17 | Construir | Farm |
| 2:38 | Investigar | Horse Collar |
| 3:02 | Construir | Mining Camp |
| 3:29 | Investigar | Town Watch |
| 4:32 | Construir | Archery Range |
| 5:03 | Investigar | Castle Age |
| 5:35 | Crear | Skirmisher |
| 5:36 | Crear | Skirmisher |
| 5:45 | Construir | House |
| 5:49 | Construir | House |
| 5:51 | Construir | House |
| 6:49 | Investigar | Bloodlines |
| 6:54 | Investigar | Fletching |
| 6:54 | Investigar | Padded Archer Armor |
| 6:55 | Investigar | Scale Mail Armor |
| 7:20 | Construir | Stable |
| 7:27 | Construir | Stone Wall |
| 7:30 | Construir | Stone Wall |
| 7:43 | Edad | Edad de los Castillos |
| 7:45 | Crear | Skirmisher |
| 7:45 | Crear | Skirmisher |
| 7:46 | Investigar | Elite Skirmisher (upgrade) |
| 7:49 | Crear | Skirmisher |
| 7:51 | Investigar | Thumb Ring |
| 7:59 | Crear | Villager (Male) |
| 8:03 | Construir | Town Center |
| 8:33 | Crear | Unit 1944 |
| 8:40 | Construir | Mining Camp |
| 9:17 | Investigar | Husbandry |
| 10:01 | Construir | Barracks |
| 10:03 | Construir | Barracks |
| 10:04 | Construir | Barracks |
| 11:22 | Crear | Spearman |
| 11:22 | Crear | Spearman |
| 11:22 | Crear | Spearman |
| 11:42 | Crear | Spearman |
| 12:14 | Construir | Watch Tower |
| 12:21 | Crear | Spearman |
| 13:08 | Construir | Farm |
| 13:24 | Construir | Market |
| 14:20 | Construir | Farm |
| 14:22 | Construir | Farm |
| 14:37 | Construir | Castle |
| 14:44 | Crear | Villager (Male) |
| 14:44 | Crear | Villager (Male) |
| 14:45 | Crear | Villager (Male) |
| 14:45 | Crear | Villager (Male) |
| 14:45 | Crear | Villager (Male) |
| 14:49 | Investigar | Wheelbarrow |
| 14:50 | Crear | Villager (Male) |
| 15:09 | Construir | Stone Wall |
| 15:51 | Crear | Unit 1949 |
| 15:51 | Crear | Unit 1949 |
| 16:02 | Construir | Farm |
| 16:02 | Construir | Farm |
| 16:03 | Construir | Farm |
| 16:36 | Construir | Stone Wall |
| 16:45 | Construir | Stone Wall |
| 17:12 | Construir | Stone Wall |
| 17:49 | Crear | Villager (Male) ×5 |
| 17:50 | Crear | Villager (Male) |
| 18:20 | Construir | Farm |
| 18:21 | Construir | Farm |
| 18:29 | Construir | Farm |
| 18:32 | Construir | Farm |
| 18:59 | Construir | Stone Wall |
| 19:16 | Investigar | Hand Cart |
| 20:04 | Crear | Unit 1949 |
| 20:04 | Crear | Unit 1949 |
| 20:04 | Crear | Unit 1949 |
| 20:05 | Crear | Unit 1949 |
| 20:05 | Crear | Unit 1949 |
| 20:09 | Construir | Farm |
| 20:17 | Construir | Stone Wall |
| 20:31 | Construir | Farm |
| 20:43 | Construir | Stone Wall |
| 20:47 | Construir | Stone Wall |
| 20:52 | Crear | Villager (Male) |
| 20:53 | Crear | Villager (Male) |
| 20:58 | Investigar | Bow Saw |
| 20:58 | Investigar | Bow Saw |
| 21:28 | Crear | Villager (Male) |
| 21:28 | Crear | Villager (Male) |
| 21:32 | Crear | Villager (Male) |
| 21:42 | Construir | Farm |
| 22:06 | Crear | Unit 1949 |
| 22:07 | Crear | Unit 1949 |
| 22:07 | Crear | Unit 1949 |
| 22:07 | Crear | Unit 1949 |
| 22:08 | Crear | Unit 1949 |
| 22:32 | Construir | Lumber Camp |
| 22:40 | Construir | Farm |
| 22:43 | Crear | Unit 1949 |
| 22:43 | Crear | Unit 1949 |
| 22:43 | Crear | Unit 1949 |
| 22:44 | Crear | Unit 1949 |
| 23:00 | Crear | Villager (Male) ×2 |
| 23:17 | Construir | Archery Range |
| 23:19 | Construir | Archery Range |
| 23:21 | Construir | Archery Range |
| 23:35 | Construir | Farm |
| 23:37 | Crear | Villager (Male) |
| 23:38 | Crear | Villager (Male) |
| 23:39 | Crear | Villager (Male) |
| 23:39 | Crear | Villager (Male) |
| 23:59 | Investigar | Scale Barding Armor |
| 24:10 | Construir | House |
| 24:16 | Construir | House |
| 24:17 | Construir | House |
| 24:18 | Construir | House |
| 25:19 | Crear | Unit 1949 ×5 |
| 25:19 | Crear | Unit 1949 ×4 |
| 25:20 | Crear | Unit 1949 |
| 25:29 | Crear | Villager (Male) |
| 25:35 | Construir | House |
| 25:36 | Construir | House |
| 25:36 | Construir | House |
| 25:36 | Construir | House |
| 25:36 | Construir | House |
| 25:36 | Construir | House |
| 25:37 | Construir | House |
| 25:37 | Construir | House |
| 26:00 | Investigar | Forging |
| 26:09 | Construir | University |
| 27:06 | Investigar | Murder Holes |
| 27:09 | Construir | Farm |
| 27:18 | Construir | Mining Camp |
| 27:25 | Crear | Villager (Male) |
| 27:26 | Crear | Villager (Male) |
| 27:26 | Crear | Villager (Male) |
| 27:27 | Crear | Villager (Male) |
| 27:27 | Crear | Villager (Male) |
| 27:28 | Crear | Villager (Male) |
| 27:28 | Crear | Villager (Male) |
| 27:54 | Crear | Skirmisher |
| 28:26 | Construir | Castle |
| 29:12 | Construir | Mining Camp |
| 31:32 | Construir | Market |
| 32:11 | Crear | Villager (Male) ×5 |
| 32:12 | Crear | Villager (Male) ×5 |
Build order — mm_fm_97
Primeras 150 de 264 acciones detectadas
| 0:07 | Investigar | Double-Bit Axe |
| 1:35 | Construir | Stable |
| 3:07 | Crear | Spearman |
| 3:48 | Investigar | Castle Age |
| 4:01 | Construir | Mining Camp |
| 4:11 | Crear | Spearman |
| 4:23 | Investigar | Gold Mining |
| 4:30 | Construir | Stable |
| 4:35 | Construir | Stable |
| 4:45 | Construir | House |
| 4:53 | Construir | House |
| 4:54 | Construir | House |
| 5:00 | Investigar | Bloodlines |
| 6:28 | Edad | Edad de los Castillos |
| 6:29 | Crear | Knight |
| 6:29 | Crear | Knight |
| 6:31 | Crear | Knight |
| 6:32 | Crear | Knight |
| 6:33 | Crear | Knight |
| 6:54 | Construir | Archery Range |
| 7:08 | Crear | Knight |
| 7:08 | Crear | Knight |
| 7:08 | Crear | Knight |
| 7:42 | Crear | Knight |
| 7:54 | Crear | Cavalry Archer |
| 7:57 | Crear | Cavalry Archer |
| 7:58 | Crear | Cavalry Archer |
| 8:05 | Crear | Knight |
| 8:30 | Crear | Knight |
| 10:03 | Crear | Knight |
| 10:03 | Crear | Knight |
| 10:03 | Crear | Knight |
| 10:09 | Crear | Knight |
| 10:10 | Crear | Knight |
| 10:13 | Crear | Cavalry Archer |
| 10:14 | Crear | Cavalry Archer |
| 10:14 | Crear | Cavalry Archer |
| 10:17 | Crear | Cavalry Archer |
| 10:57 | Construir | House |
| 10:58 | Construir | House |
| 10:58 | Construir | House |
| 10:58 | Construir | House |
| 11:02 | Crear | Knight |
| 11:03 | Crear | Knight |
| 11:03 | Crear | Knight |
| 11:03 | Crear | Knight |
| 11:29 | Crear | Villager (Male) |
| 11:32 | Crear | Villager (Male) |
| 12:31 | Crear | Cavalry Archer |
| 12:31 | Crear | Cavalry Archer |
| 12:54 | Investigar | Bow Saw |
| 13:08 | Crear | Knight |
| 13:18 | Crear | Villager (Male) |
| 13:38 | Construir | Mill |
| 14:30 | Investigar | Wheelbarrow |
| 15:09 | Construir | Monastery |
| 15:48 | Crear | Monk |
| 15:48 | Crear | Monk |
| 15:55 | Construir | Mining Camp |
| 17:22 | Crear | Monk |
| 17:30 | Construir | Mining Camp |
| 17:37 | Construir | Market |
| 18:24 | Construir | University |
| 19:24 | Investigar | Imperial Age |
| 19:42 | Construir | Town Center |
| 20:55 | Crear | Villager (Male) |
| 20:55 | Crear | Villager (Male) |
| 20:56 | Crear | Villager (Male) |
| 21:36 | Investigar | Fletching |
| 22:23 | Crear | Villager (Male) |
| 22:23 | Crear | Villager (Male) |
| 22:23 | Crear | Villager (Male) |
| 22:34 | Edad | Edad Imperial |
| 23:07 | Investigar | Thumb Ring |
| 23:24 | Investigar | Sanctity |
| 23:26 | Investigar | Atonement |
| 23:32 | Investigar | Fervor |
| 23:50 | Crear | Villager (Male) |
| 23:50 | Crear | Villager (Male) |
| 23:50 | Crear | Villager (Male) |
| 24:01 | Construir | Castle |
| 24:28 | Investigar | Horse Collar |
| 24:31 | Investigar | Bodkin Arrow |
| 25:11 | Investigar | Heavy Plow |
| 25:32 | Construir | Castle |
| 25:45 | Investigar | Hand Cart |
| 26:15 | Construir | Town Center |
| 26:18 | Construir | Farm |
| 26:19 | Construir | Farm |
| 26:21 | Construir | Farm |
| 26:22 | Construir | Farm |
| 26:40 | Investigar | Heavy Camel Rider (upgrade) |
| 26:42 | Crear | Camel Scout |
| 26:42 | Crear | Camel Scout |
| 26:53 | Crear | Villager (Male) |
| 27:12 | Crear | Camel Scout |
| 27:12 | Crear | Camel Scout |
| 27:13 | Crear | Camel Scout |
| 27:46 | Crear | Villager (Male) |
| 27:46 | Crear | Villager (Male) |
| 27:47 | Construir | Farm |
| 28:00 | Construir | Town Center |
| 28:14 | Crear | Camel Scout |
| 28:14 | Crear | Camel Scout |
| 28:16 | Investigar | Husbandry |
| 28:16 | Crear | Camel Scout |
| 28:17 | Crear | Camel Scout |
| 28:46 | Crear | Camel Scout |
| 28:47 | Crear | Camel Scout |
| 28:47 | Crear | Camel Scout |
| 29:01 | Crear | Trebuchet (Packed) |
| 29:23 | Crear | Trebuchet (Packed) |
| 30:20 | Crear | Camel Scout |
| 30:20 | Crear | Camel Scout |
| 30:20 | Crear | Camel Scout |
| 30:29 | Construir | Farm |
| 30:30 | Construir | Farm |
| 30:31 | Construir | Farm |
| 30:33 | Construir | Farm |
| 30:36 | Construir | Farm |
| 30:43 | Construir | Farm |
| 30:44 | Construir | Farm |
| 31:42 | Crear | Trebuchet (Packed) |
| 31:48 | Crear | Villager (Male) |
| 31:49 | Crear | Villager (Male) |
| 32:13 | Construir | Mining Camp |
| 32:15 | Investigar | Gold Shaft Mining |
| 32:16 | Investigar | Stone Mining |
| 32:50 | Construir | House |
| 32:50 | Construir | House |
| 32:51 | Construir | House |
| 32:51 | Construir | House |
| 32:51 | Construir | House |
| 32:52 | Construir | House |
| 32:52 | Construir | House |
| 32:52 | Construir | House |
| 32:53 | Construir | House |
| 32:53 | Construir | House |
| 32:53 | Construir | House |
| 32:54 | Construir | House |
| 32:54 | Construir | House |
| 32:55 | Construir | House |
| 32:55 | Construir | House |
| 32:55 | Construir | House |
| 32:56 | Construir | House |
| 32:56 | Construir | House |
| 32:57 | Construir | House |
| 32:57 | Construir | House |
| 32:58 | Construir | House |
| 32:58 | Construir | House |
Cronología de la partida
| 1:35 | mm_fm_97 · first_building Stable |
| 2:06 | jones · first_building Stable |
| 4:32 | jones · first_building Archery Range |
| 6:28 | mm_fm_97 · age_up castle |
| 6:54 | mm_fm_97 · first_building Archery Range |
| 7:27 | jones · wall_segment Stone Wall x1 |
| 7:30 | jones · wall_segment Stone Wall x3 |
| 7:43 | jones · age_up castle |
| 10:01 | jones · first_building Barracks |
| 14:37 | jones · first_building Castle |
| 15:09 | mm_fm_97 · first_building Monastery |
| 15:09 | jones · wall_segment Stone Wall x1 |
| 16:36 | jones · wall_segment Stone Wall x5 |
| 16:45 | jones · wall_segment Stone Wall x3 |
| 17:12 | jones · wall_segment Stone Wall x7 |
| 18:59 | jones · wall_segment Stone Wall x3 |
| 20:17 | jones · wall_segment Stone Wall x1 |
| 20:43 | jones · wall_segment Stone Wall x4 |
| 20:47 | jones · wall_segment Stone Wall x5 |
| 22:34 | mm_fm_97 · age_up imperial |
| 24:01 | mm_fm_97 · first_building Castle |
| 39:04 | jones · first_market_buy 100 food |
| 41:08 | jones · age_up imperial |
| 44:32 | mm_fm_97 · first_building Siege Workshop |
| 51:07 | mm_fm_97 · first_market_sell 500 food |
| 52:42 | jones · resign |
[ ANÁLISIS IA · 1 CRÉDITO ]
¿Qué pasó realmente en esta partida?
Wolo.gg analiza cada decisión: build order, eco, micro, errores típicos por bracket. Análisis personalizado por WhatsApp o Discord en 30 segundos.
Guía civ
Wei
Guía mapa
Glacis
Perfil
jones